 Dungeon Crawl Stone Soup version 0.18-a0-1782-gb76a692 (webtiles) character file.

523 namelastname112 the Conjurer (level 7, 49/50 HPs)
             Began as a Yellow Draconian Conjurer on Apr 17, 2016.
             Quit the game on level 5 of the Dungeon.
             The game lasted 00:08:19 (4667 turns).

namelastname112 the Conjurer (DrCj)                 Turns: 4667, Time: 00:08:20

Health: 49/50      AC:  6    Str: 10    XL:     7   Next: 2%
Magic:  6/13       EV: 12    Int: 18    God:
Gold:   71         SH:  0    Dex: 11    Spells: 3 memorised, 7 levels left

rFire  . . .     SeeInvis .     s - +2 dagger (holy)
rCold  . . .     Gourm    .     (armour unavailable)
rNeg   . . .     Faith    .     (no shield)
rPois  .         Spirit   .     (helmet restricted)
rElec  .         Dismiss  .     (no cloak)
rCorr  +         Reflect  .     (no gloves)
SustAt .         Harm     .     (no boots)
MR     .....                    (no amulet)
Stlth  ++........               (no ring)
                                (no ring)

@: not resistant to hostile enchantments, unstealthy
A: spit acid, acid resistance, unfitting armour, cold-blooded, AC +6
a: Spit Acid


You were on level 5 of the Dungeon.
You were not hungry.

You visited 1 branch of the dungeon, and saw 4 of its levels.

You collected 71 gold pieces.

Inventory:

Hand Weapons
 s - a +2 dagger of holy wrath (weapon)
Armour
 u - a +0 buckler
Wands
 q - a wand of paralysis (15/24)
Scrolls
 c - 3 scrolls of remove curse {unknown}
 e - 6 scrolls of identify {unknown}
 f - a scroll of enchant weapon {unknown}
 h - 2 scrolls of fear {unknown}
 i - a scroll of teleportation {unknown}
 j - a scroll of amnesia {unknown}
 k - a scroll of random uselessness {unknown}
 l - a scroll of magic mapping {unknown}
 p - 2 scrolls of enchant armour {unknown}
 w - a scroll of immolation {unknown}
Potions
 d - 5 potions of heal wounds {unknown}
 g - a potion of resistance {unknown}
 m - 3 potions of brilliance {unknown}
 o - a potion of flight {unknown}
 t - 4 potions of curing
Books
 a - a book of Conjurations

   Spells                             Type                      Level
   a - Magic Dart                     Conjuration                  1
   b - Searing Ray                    Conjuration                  2
   c - Dazzling Spray                 Conjuration/Hexes            3
   d - Fulminant Prism                Conjuration/Hexes            4
   e - Iskenderun's Mystic Blast      Conjuration                  4
   f - Iskenderun's Battlesphere      Conjuration/Charms           5
Comestibles
 b - 2 bread rations
 n - 3 fruits
 r - a meat ration
 v - 3 chunks of flesh


   Skills:
 - Level 1.7 Dodging
 - Level 1.7 Stealth
 + Level 4.5 Spellcasting
 + Level 6.2 Conjurations
 + Level 2.7 Charms


You had 7 spell levels left.
You knew the following spells:

 Your Spells              Type           Power        Failure   Level  Hunger
a - Iskenderun's Battles  Conj/Chrm      ###.....     67%         5    ######.
x - Searing Ray           Conj           ####..       1%          2    #......
z - Magic Dart            Conj           ####         1%          1    None


Dungeon Overview and Level Annotations

Branches:
Dungeon (3/15)

Altars:
Gozag
Kikubaaqudgha
Nemelex Xobeh
Ru
Zin

Shops:
D:5 }


Innate Abilities, Weirdness & Mutations

You can spit globs of acid.
You are resistant to acid.
Your golden yellow scales are hard (AC +6).
Your body does not fit into most forms of armour.
You are cold-blooded and may be slowed by cold attacks.


Message History

The searing ray hits something.
Reactivating autopickup.
You have reached level 7!
Your scales start taking on a golden yellow colour.
You can spit globs of acid.
You are resistant to acid.
You feel a bit more experienced.
The searing ray hits the orc.
The orc is severely wounded.
Some of the chunks of flesh in your inventory have rotted away.
You regained 5 hp, and now have 48/50 hp.
You now have 5/13 mp.
You hit the orc but do no damage.
The orc is heavily wounded.
The orc misses you.
You barely miss the orc. You tail-slap the orc.
The orc is almost dead.
The orc barely misses you.
You hit the orc.
You kill the orc!
Items here: )) [[[ †† Are you sure you want to abandon this character and quit the game? (Confirm with "yes".)

##.......#
#.##..#######
#.##)##
#.##.# #.##.#
#.##.# #.#..#
#.#.## #@#)#
#.#.# #...#
#####


There were no monsters in sight!

Vanquished Creatures
  A centaur (D:5)
  A phantom (D:5)
  A water moccasin zombie (D:5)
  A centaur zombie (D:5)
  Ijyb (D:2)
  Terence (D:3)
  A worker ant (D:5)
  Natasha (D:2)
  An orc wizard (D:5)
  Robin (D:2)
  An adder (D:2)
  2 worms (D:3)
  4 dart slugs
  6 giant geckos
  8 orcs
  9 giant cockroaches
  13 goblins
  8 hobgoblins
  4 jackals (D:1)
  2 quokkas (D:3)
  9 bats
  A giant gecko zombie (D:5)
  4 giant newts
  14 kobolds
  8 rats
103 creatures vanquished.

Notes
Turn   | Place    | Note
--------------------------------------------------------------
     0 | D:1      | namelastname112 the Draconian Conjurer began the quest for the Orb.
     0 | D:1      | Reached XP level 1. HP: 14/14 MP: 3/3
   383 | D:1      | Reached XP level 2. HP: 20/20 MP: 0/5
   900 | D:1      | Learned a level 2 spell: Searing Ray
  1074 | D:1      | Reached XP level 3. HP: 26/26 MP: 1/6
  1533 | D:1      | Found a sparkling altar of Nemelex Xobeh.
  1640 | D:2      | Found an ancient bone altar of Kikubaaqudgha.
  1666 | D:2      | Noticed Natasha
  1710 | D:2      | Killed Natasha
  1710 | D:2      | Reached skill level 5 in Conjurations
  1710 | D:2      | Reached XP level 4. HP: 28/33 MP: 1/8
  1915 | D:2      | Noticed Robin
  1937 | D:2      | Killed Robin
  2296 | D:2      | Noticed Ijyb
  2306 | D:2      | Killed Ijyb
  2306 | D:2      | Reached XP level 5. HP: 23/38 MP: 5/10
  2354 | D:2      | Learned a level 5 spell: Iskenderun's Battlesphere
  2976 | D:3      | Found an opulent altar of Gozag.
  2976 | D:3      | Found a glowing silver altar of Zin.
  2978 | D:3      | Found a sacrificial altar of Ru.
  3609 | D:3      | Reached skill level 1 in Charms
  3610 | D:3      | Noticed Terence
  3669 | D:3      | Killed Terence
  3898 | D:3      | You fall through a shaft for 2 floors!
  3898 | D:5      | Entered Level 5 of the Dungeon
  3902 | D:5      | Noticed a centaur
  3917 | D:5      | Killed a centaur
  3917 | D:5      | Reached XP level 6. HP: 13/45 MP: 1/12
  4498 | D:5      | Reached skill level 6 in Conjurations
  4593 | D:5      | Found Meinimnaz's Quality Used Wands.
  4662 | D:5      | Your scales start taking on a golden yellow colour.
  4662 | D:5      | Reached XP level 7. HP: 48/50 MP: 6/13
  4667 | D:5      | Quit the game

Vault maps used:
D:1:      dpeg_arrival_water_altar, serial_bayou_ford_a, minmay_box_of_dots
D:2:      lemuel_doored_altar, minmay_misc_feat_plants, uniq_iyjb, uniq_natasha,
          uniq_robin
D:3:      nicolae_overflow_quartered_altars, kennysheep_crisscross, tso_altar,
          uniq_terence, uniq_sigmund
D:5:      first_bread, nicolae_for_you_no_charge

Skill      XL: |  1  2  3  4  5  6 |
---------------+-------------------+-----
Spellcasting   | 3 4 |  4.5
Conjurations   | 5 6 |  6.2
Charms         | 1 2 |  2.7
Dodging        | |  1.7
Stealth        | |  1.7

Action                   |  1- 3 |  4- 6 |  7- 9 || total
-------------------------+-------+-------+-------++-------
Melee: Unarmed           |   108 |       |       ||   108
       Tailslap          |     2 |     7 |     1 ||    10
       Dagger            |       |    69 |     3 ||    72
 Cast: Magic Dart        |    63 |    83 |       ||   146
       Searing Ray       |     1 |    20 |       ||    21
 Stab: Sleeping          |       |     1 |       ||     1
  Eat: Chunk             |     2 |    11 |       ||    13
Armor: Skin              |    60 |    36 |       ||    96
Dodge: Dodged            |   124 |    76 |     2 ||   202
